 Dungeon Crawl Stone Soup version 0.29.0-4-gdea44cf6ec (webtiles) character file.

Game seed: 5112708033188259781

815 qw the Cleaver (level 7, 0/41 HPs)
             Began as a Tengu Warper on Aug 28, 2022.
             Slain by a killer bee (1 damage)
             ... on level 5 of the Dungeon.
             The game lasted 00:00:26 (4093 turns).

qw the Cleaver (Tengu Warper)                       Turns: 4093, Time: 00:00:27

Health: 0/41       AC: 10    Str: 16    XL:     7   Next: 94%
Magic:  11/11      EV: 10    Int: 12    God:
Gold:   222        SH:  0    Dex: 25    Spells: 10/10 levels left

rFire   + . .      SeeInvis .   Y - +3 hand axe
rCold   . . .      Faith    .   (no shield)
rNeg    . . .      Spirit   .   e - +0 chain mail
rPois   .          Reflect  .   (helmet restricted)
rElec   .          Harm     .   (no cloak)
rCorr   .          Rampage  .   a - +0 pair of fencer's gloves {Riposte Dex+3}
Will    .....                   (boots unavailable)
Stlth   ..........              (no amulet)
HPRegen 0.13/turn               b - ring of Equilibrium {rF+ Dex+6}
MPRegen 0.12/turn               (no ring)

@: lethally poisoned (0 -> -8), flying quickly and evasively, quick
A: beak, talons 3, nimble flight, agile 1, strong 1
a: no special abilities


You were on level 5 of the Dungeon.
You visited 1 branch of the dungeon, and saw 5 of its levels.

You collected 255 gold pieces.
You spent 33 gold pieces at shops.


Innate Abilities, Weirdness & Mutations

You have a beak for a mouth.
You have claws for feet.
Your magical nature lets you fly swiftly and evasively.
You are agile. (Dex +4, Str/Int -1)
Your muscles are strong. (Str +4, Int/Dex -1)


   Skills:
 - Level 3.0 Fighting
 + Level 8.3 Axes
 - Level 1.0 Throwing
 - Level 3.6 Armour
 - Level 3.0 Dodging
 - Level 2.0 Spellcasting
 - Level 2.4 Translocations


You had 10 spell levels left.
You didn't know any spells.
Your spell library contained the following spells:

 Spells                   Type           Power      Damage    Failure   Level
 Blink                    Tloc           12%        N/A       95%         2
 Gell's Gravitas          Tloc           6%         N/A       99%         3
 Lesser Beckoning         Tloc           6%         N/A       99%         3
 Teleport Other           Tloc           6%         N/A       99%         3
 Manifold Assault         Tloc           6%         N/A       100%        5

Inventory:

Hand Weapons
 m - a +0 flail
 Y - a +3 hand axe (weapon)
Armour
 a - the +0 pair of fencer's gloves (worn) {Riposte Dex+3}
   (You acquired it on level 1 of the Dungeon)

   It allows the wearer to riposte with melee weapons, swiftly retaliating
   against missed or blocked melee attacks.
   Dex:       It affects your dexterity (+3).
 e - a +0 chain mail (worn)
Jewellery
 b - the ring of Equilibrium (left hand) {rF+ Dex+6}
   (You found it on level 2 of the Dungeon)

   [ring of dexterity]

   Dex:       It affects your dexterity (+6).
   rF:        It protects you from fire.
Scrolls
 f - 2 scrolls of enchant armour
Potions
 c - a potion of flight {unknown}
 d - a potion of mutation
 g - 3 potions of heal wounds {unknown}
 h - a potion of curing
 i - a potion of brilliance {unknown}
 k - a potion of degeneration {unknown}
 l - a potion of haste {unknown}

Dungeon Overview and Level Annotations

Branches:
Dungeon (5/15)
 Temple: D:4-7

Altars:

Shops:
D:2 *   D:4 [

Annotations:
D:3 3 runed translucent doors, qw's ghost, amateur TeWr


Message History

You miss the killer bee. You peck the killer bee.
The killer bee is almost dead.
The killer bee closely misses you. The killer bee stings you.
You are poisoned.
The killer bee poisons you!
You slash the killer bee!
You kill the killer bee!
You hit the killer bee.
You feel very sick. The killer bee barely misses you.
A black bear comes into view.
The killer bee stings you but does no damage.
The killer bee stings you.
You are lethally poisoned!
The killer bee poisons you!
Your Axes skill increases to level 8!
You miss the killer bee. You claw the killer bee!
Your peck misses the killer bee.
The killer bee is severely wounded.
You miss the killer bee.
You feel sick.
The killer bee stings you but does no damage. x2
The killer bee barely misses you.
You riposte.
You slash the killer bee! Your kick misses the killer bee.
The killer bee is almost dead.
You hit the killer bee. The killer bee closely misses you.
You riposte.
You barely miss the killer bee.
You claw the killer bee, but do no damage.
The killer bee is almost dead.
You hit the killer bee.
You kill the killer bee!
You closely miss the killer bee.
The killer bee is almost dead.
You feel very sick. The killer bee misses you.
You miss the killer bee. You punch the killer bee.
The killer bee is almost dead.
You hit the black bear.
You feel sick. The killer bee stings you. x2
You die...

#.........#
##.######.#
#.######.#
#......#.###
##.........# ####
.# #.........#
...#...
#.........#
S....#
#.........###y..#
#...........@#
#.........###h.#
#.........# #.#
#.........# .#
#.........# #
#######.### #.#
#.# #..


You could see a black bear, a killer bee and an adder.

Vanquished Creatures
  2 ogres (D:4)
  2 phantoms (D:5)
  A bullfrog (D:3)
  A necrophage (D:5)
  A scorpion (D:5)
  2 killer bees (D:5)
  A gnoll bouda (D:4)
  8 adders
  4 gnolls (D:4)
  A white imp (D:5)
  An ufetubus (D:5)
  A worm (D:3)
  2 dart slugs
  6 orcs
  4 ball pythons
  5 bats (D:1)
  5 endoplasms
  5 giant cockroaches
  4 goblins
  4 hobgoblins
  5 quokkas
  3 frilled lizards
  11 kobolds
  6 rats
85 creatures vanquished.

Notes
Turn   | Place    | Note
-------+----------+-------------------------------------------
     0 | D:1      | qw the Tengu Warper began the quest for the Orb.
     0 | D:1      | Reached XP level 1. HP: 12/12 MP: 4/4
     0 | D:1      | 0 ||| qw: Version: 0.1-a-89-g26bdef1
     0 | D:1      | 0 ||| qw: Game counter: 1519
     0 | D:1      | 0 ||| qw: Always use a shield: true
     0 | D:1      | 0 ||| qw: God list: Okawaru
     0 | D:1      | 0 ||| qw: Allow faded altars: false
     0 | D:1      | 0 ||| qw: Do Orc after D:15 true
     0 | D:1      | 0 ||| qw: Do second Lair branch before Depths: true
     0 | D:1      | 0 ||| qw: Lair rune preference: random
     0 | D:1      | 0 ||| qw: Plans: Normal
     0 | D:1      | 0 ||| PLANNING D:1-11
    66 | D:1      | Reached skill level 3 in Axes
    66 | D:1      | Reached XP level 2. HP: 17/17 MP: 6/6
   184 | D:1      | 184 ||| Stepping ~*~*~tactically~*~*~ (stealth).
   286 | D:1      | 286 ||| Stepping ~*~*~tactically~*~*~ (stealth).
   287 | D:1      | 287 ||| Stepping ~*~*~tactically~*~*~ (stealth).
   512 | D:1      | 512 ||| DROPPING +0 club.
   526 | D:1      | Reached XP level 3. HP: 20/21 MP: 7/7
   764 | D:1      | 764 ||| UPGRADING to +0 chain mail.
   774 | D:1      | 774 ||| DROPPING +0 leather armour.
   775 | D:1      | 775 ||| READING scroll labelled HUIB BOISALLA.
   776 | D:1      | 776 ||| READING 2 scrolls labelled VETWUEGYIZA.
   777 | D:1      | 777 ||| READING scroll labelled EHOLOU FIRO.
   777 | D:1      | Identified a scroll of acquirement
   777 | D:1      | 777 ||| ACQUIRING +0 pair of fencer's gloves {Riposte
                  | Dex+3}
   777 | D:1      | Acquired the +0 pair of fencer's gloves {Riposte Dex+3}
   777 | D:1      | Found the +0 pair of fencer's gloves {Riposte Dex+3}
   779 | D:1      | 779 ||| UPGRADING to +0 pair of fencer's gloves {Riposte
                  | Dex+3}.
   784 | D:1      | 784 ||| READING scroll labelled ZYMIET AMUSI.
   785 | D:1      | 785 ||| READING scroll labelled VOZAR EL OPA.
   886 | D:1      | 886 ||| DROPPING scroll of blinking.
   887 | D:1      | 887 ||| DROPPING scroll of immolation.
   899 | D:2      | 899 ||| STAIRDANCE
   944 | D:2      | Reached skill level 4 in Axes
  1030 | D:2      | Identified the ring of Equilibrium {rF+ Dex+6}
  1133 | D:2      | 1133 ||| Stepping ~*~*~tactically~*~*~ (stealth).
  1144 | D:2      | Reached XP level 4. HP: 26/26 MP: 8/8
  1386 | D:2      | Found Doazicoq's General Store.
  1395 | D:2      | 1395 ||| BUYING potion of curing (33 gold).
  1395 | D:2      | Bought a potion of curing for 33 gold pieces
  1506 | D:2      | 1506 ||| UPGRADING to ring of Equilibrium {rF+ Dex+6}.
  1507 | D:2      | 1507 ||| READING scroll labelled URAGOR VULLU.
  1508 | D:2      | 1508 ||| READING scroll labelled KUITUMAWK ZUAQ.
  1513 | D:2      | 1513 ||| READING scroll labelled KAARYE ZICOUDE.
  1525 | D:3      | Noticed a bullfrog
  1526 | D:3      | 1526 ||| Stepping ~*~*~tactically~*~*~ (hiding).
  1534 | D:3      | Killed a bullfrog
  1535 | D:3      | Reached skill level 5 in Axes
  1535 | D:3      | Gained mutation: Your magical nature lets you fly swiftly
                  | and evasively. [Tengu growth]
  1535 | D:3      | Reached XP level 5. HP: 10/30 MP: 9/9
  1537 | D:3      | 1537 ||| FLEEEEING.
  1538 | D:3      | 1538 ||| STAIRDANCE
  1739 | D:3      | 1739 ||| STAIRDANCE
  2084 | D:3      | Found a runed translucent gate.
  2084 | D:3      | Found a runed translucent gate.
  2084 | D:3      | Found a runed translucent gate.
  2085 | D:3      | Noticed qw's ghost (amateur TeWr)
  2089 | D:3      | Noticed a kobold brigand
  2220 | D:3      | 2220 ||| READING scroll of enchant weapon.
  2220 | D:3      | 2220 ||| ENCHANTING +1 hand axe.
  2354 | D:3      | 2354 ||| READING 3 scrolls labelled XYIWKEITOX.
  2355 | D:3      | 2355 ||| READING scroll labelled UHONIS RAIRITY.
  2411 | D:4      | Noticed an ogre
  2417 | D:4      | HP: 6/30 [ogre/+0 giant club (13)]
  2419 | D:4      | Killed an ogre
  2420 | D:4      | Reached skill level 3 in Armour
  2420 | D:4      | Reached XP level 6. HP: 8/35 MP: 10/10
  2420 | D:4      | 2420 ||| STAIRDANCE
  2695 | D:4      | 2695 ||| READING scroll of enchant weapon.
  2695 | D:4      | 2695 ||| ENCHANTING +2 hand axe.
  2723 | D:4      | 2723 ||| Stepping ~*~*~tactically~*~*~ (stealth).
  2725 | D:4      | 2725 ||| Stepping ~*~*~tactically~*~*~ (hiding).
  2732 | D:4      | Reached skill level 6 in Axes
  2738 | D:4      | HP: 6/35 [gnoll/+0 halberd[a gnoll bouda] (5)]
  2792 | D:4      | 2792 ||| FLEEEEING.
  2793 | D:4      | 2793 ||| FLEEEEING.
  2799 | D:4      | 2799 ||| FLEEEEING.
  2800 | D:4      | 2800 ||| FLEEEEING.
  2801 | D:4      | 2801 ||| FLEEEEING.
  2812 | D:4      | 2812 ||| FLEEEEING.
  2814 | D:4      | 2814 ||| FLEEEEING.
  2815 | D:4      | 2815 ||| FLEEEEING.
  2816 | D:4      | 2816 ||| FLEEEEING.
  2818 | D:4      | 2818 ||| STAIRDANCE
  3158 | D:4      | 3158 ||| Stepping ~*~*~tactically~*~*~ (stealth).
  3159 | D:4      | 3159 ||| Stepping ~*~*~tactically~*~*~ (stealth).
  3169 | D:4      | 3169 ||| DROPPING +0 whip.
  3254 | D:4      | HP: 3/35 [ogre/+0 giant spiked club (12)]
  3256 | D:4      | Reached skill level 7 in Axes
  3555 | D:4      | Found Aloipo's Antique Armour Emporium.
  3597 | D:4      | 3597 ||| SHOPLISTING glowing scale mail (203 gold, have
                  | 176).
  3597 | D:4      | 3597 ||| SHOPLISTING shiny scale mail (203 gold, have 176).
  3597 | D:4      | 3597 ||| SHOPLISTING translucent ring mail (261 gold, have
                  | 176).
  3728 | D:4      | 3728 ||| DRINKING 2 white potions.
  3728 | D:4      | Gained mutation: You are agile. (Dex +4, Str/Int -1)
                  | [potion of mutation]
  3728 | D:4      | Gained mutation: Your muscles are strong. (Str +4, Int/Dex
                  | -1) [potion of mutation]
  3748 | D:5      | Entered Level 5 of the Dungeon
  3763 | D:5      | 3763 ||| FLEEEEING.
  3764 | D:5      | 3764 ||| FLEEEEING.
  3778 | D:5      | Reached XP level 7. HP: 37/40 MP: 11/11
  3780 | D:5      | 3780 ||| Stepping ~*~*~tactically~*~*~ (hiding).
  3790 | D:5      | Reached skill level 3 in Fighting
  3797 | D:5      | Reached skill level 3 in Dodging
  3915 | D:5      | 3915 ||| Stepping ~*~*~tactically~*~*~ (stealth).
  4091 | D:5      | Reached skill level 8 in Axes
  4091 | D:5      | HP: 9/41 [poisoned by a killer bee]
  4093 | D:5      | HP: 4/41 [poisoned by a killer bee]
  4093 | D:5      | HP: 1/41 [killer bee (3)]
  4093 | D:5      | Slain by a killer bee

Levels and vault maps discovered:
D:1:      psy_arrival_radial01, layout_rooms,
          nicolae_concentric_dashed_squares_wild, minmay_tetromino_l2
D:2:      layout_basic, serial_shops, nicolae_shop_stone,
          hangedman_abyss_or_decor_stabs
D:3:      layout_loops_ring, gammafunk_ghost_nasty_kobolds
D:4:      layout_rooms, nicolae_stop_n_shop_2
D:5:      layout_loops_ring, water_boxes_lemuel

Skill      XL: |  1  2  3  4  5  6  7 |
---------------+----------------------+-----
Axes           | 3 4 5 7 8 |  8.3
Armour         | 3 |  3.6
Fighting       | 3 |  3.0
Dodging        | 3 |  3.0
Throwing       | |  1.0
Spellcasting   | |  2.0
Translocations | |  2.4

Action                   |  1- 3 |  4- 6 |  7- 9 || total
-------------------------+-------+-------+-------++-------
Melee: Hand axe          |    71 |    94 |    42 ||   207
       Kick              |    16 |    36 |    19 ||    71
       Peck              |    12 |    14 |     9 ||    35
       Punch             |       |     1 |     2 ||     3
Throw: Boomerang         |     7 |       |       ||     7
  Use: Scroll            |     5 |     7 |       ||    12
       Potion            |       |     1 |       ||     1
Armor: Leather armour    |    20 |       |       ||    20
       Chain mail        |     9 |    31 |    11 ||    51
Dodge: Dodged            |    44 |    32 |    30 ||   106
       Rpst.: Hand axe   |     2 |     7 |     6 ||    15

Table legend:
 A = Non-vault XP
 B = Vault XP
 C = Vault XP percentage of total XP
 D = Non-vault monster count
 E = Vault monster count
 F = Vault count percentage of total count
                 A         B        C        D         E       F
            +---------+---------+-------+---------+---------+-------
      Total |    1163 |       2 |   0.2 |      84 |       1 |   1.2
            +---------+---------+-------+---------+---------+-------
        D:1 |      37 |       2 |   5.1 |      23 |       1 |   4.2
        D:2 |      57 |       0 |   0.0 |      13 |       0 |   0.0
        D:3 |     120 |       0 |   0.0 |      12 |       0 |   0.0
        D:4 |     387 |       0 |   0.0 |      21 |       0 |   0.0
        D:5 |     562 |       0 |   0.0 |      15 |       0 |   0.0
            +---------+---------+-------+---------+---------+-------
